 Dungeon Crawl Stone Soup version 0.22.0 (webtiles) character file.

2786 Gaball the Quickloader (level 9, -23/75 HPs)
             Began as a Centaur Hunter on Aug 11, 2018.
             Was a Priest of Okawaru.
             Killed from afar by Erolcha (38 damage)
             ... with a bolt of cold
             ... on level 9 of the Dungeon.
             The game lasted 00:15:50 (9536 turns).

Gaball the Quickloader (Centaur Hunter)             Turns: 9536, Time: 00:15:50

Health: -23/75     AC: 10    Str: 22    XL:     9   Next: 43%
Magic:  9/9        EV:  7    Int: 12    God:    Okawaru [***...]
Gold:   366        SH:  0    Dex: 11    Spells: 8/8 levels left

rFire    + . .     SeeInvis .   a - +1 hand crossbow
rCold    . . .     Gourm    .   (no shield)
rNeg     . . .     Faith    .   C - +2 chain mail "Qaloakk" {rF+ Regen+ Int+2}
rPois    .         Spirit   .   (no helmet)
rElec    .         Reflect  .   p - +0 cloak
rCorr    .         Harm     .   (no gloves)
MR       .....                  (no barding)
Stlth    ..........             (no amulet)
HPRegen  0.62/turn              (no ring)
MPRegen  0.11/turn              (no ring)

@: mighty, very quick
A: large, hooves 3, deformed body, speed 2, tough skin 3
a: Heroism, Renounce Religion


You were on level 9 of the Dungeon.
You worshipped Okawaru.
Okawaru was most pleased with you.
You were hungry.

You visited 2 branches of the dungeon, and saw 10 of its levels.

You collected 366 gold pieces.

Inventory:

Hand Weapons
 a - a +1 hand crossbow (weapon)
 b - a +0 short sword
 i - a -3 dagger
 m - a +1 dagger of chaos
 s - a +1 glaive of protection
 E - the +9 dagger of the Shallot {protect, MP+9 Str+2}
   (You took it off an orc on level 4 of the Dungeon)

   It protects the one who uses it against injury (+AC on strike).
   It affects your strength (+2).
   It affects your magic capacity (+9).
Missiles
 d - 21 bolts (quivered)
Armour
 c - a +0 leather armour
 e - a +0 plate armour
 p - a +0 cloak (worn)
 C - the +2 chain mail "Qaloakk" (worn) {rF+ Regen+ Int+2}
   (You found it on level 6 of the Dungeon)

   It affects your intelligence (+2).
   It protects you from fire.
   It increases your rate of regeneration.
Jewellery
 x - an uncursed ring of see invisible {unknown}
 I - an uncursed ring of protection from magic {unknown}
Wands
 t - a wand of random effects (11)
 B - a wand of iceblast (9)
 F - a wand of acid (8)
 G - a wand of scattershot (6)
Scrolls
 g - a scroll of enchant armour {unknown}
 j - 7 scrolls of remove curse
 l - 5 scrolls of identify {unknown}
 n - 2 scrolls of fear {unknown}
 o - a scroll of enchant weapon {unknown}
 q - 2 scrolls of random uselessness {unknown}
 r - 2 scrolls of amnesia {unknown}
 y - a scroll of teleportation {unknown}
 D - a scroll of vulnerability {unknown}
 H - a scroll of noise {unknown}
 J - a scroll of silence {unknown}
 L - a scroll of immolation {unknown}
Potions
 h - 5 potions of might
 k - 3 potions of brilliance {unknown}
 u - 2 potions of lignification {unknown}
 v - a potion of degeneration {unknown}
 w - 4 potions of heal wounds {unknown}
 z - a potion of magic {unknown}
 A - 3 potions of curing {unknown}
 K - a potion of ambrosia {unknown}
Comestibles
 f - 19 rations


   Skills:
 + Level 6.1 Fighting
 * Level 12.1 Crossbows
 - Level 3.7 Dodging
 - Level 0.4 Stealth


You had 8 spell levels left.
You didn't know any spells.
Your spell library contained the following spells:

 Spells                   Type           Power        Failure   Level  Hunger
 Magic Dart               Conj           #...         98%         1    ##.....
 Conjure Flame            Conj/Fire      #.......     100%        3    ####...
 Slow                     Hex            #.......     99%         2    ###....
 Confuse                  Hex            #.......     100%        3    ####...
 Mephitic Cloud           Conj/Pois/Air  #.......     100%        3    ####...
 Blink                    Tloc           N/A          99%         2    ###....
 Call Imp                 Summ           #.......     99%         2    ###....
 Tukima's Dance           Hex            #.......     100%        3    ####...
 Ensorcelled Hibernation  Hex/Ice        #.....       99%         2    ###....
 Corona                   Hex            #......      98%         1    ##.....
 Dazzling Spray           Conj/Hex       #.....       100%        3    ####...


Dungeon Overview and Level Annotations

Branches:
Dungeon (9/15)             Temple (1/1) D:4
   Lair: D:8-11         Orc: D:9-12

Altars:
Ashenzari
Cheibriados
Dithmenos
Fedhas
Gozag
Hepliaklqana
Kikubaaqudgha
Nemelex Xobeh
Okawaru
Qazlal
Sif Muna
Trog
Uskayaw
Vehumet
Wu Jian
Xom
Yredelemnul
Zin
The Shining One

Shops:
D:3 *   D:9 :

Annotations:
D:9 Erolcha


Innate Abilities, Weirdness & Mutations

You have hooves in place of feet.
Armour fits poorly on your strangely shaped body.
You cover ground very quickly.
You have extremely tough skin. (AC +3)


Message History

Press: ? - help, Shift-Dir - straight line, f/p - Erolcha
Aim: Erolcha, wielding a giant club and wearing a robe (moderately wounded, fast)
You shoot a bolt. The bolt hits Erolcha.
Erolcha is moderately wounded.
Erolcha closely misses you.
Okay, then.
Erolcha gestures at you while chanting. The bolt of cold hits you!
Erolcha screams, "Stand!
Erolcha hit you!" Erolcha gestures at you while chanting.
The bolt of cold hits you!
* * * LOW HITPOINT WARNING * * *
Okay, then.
Okay, then.
It was a potion of might.
You feel very mighty all of a sudden. Erolcha casts a spell at you.
The bolt of cold hits you!
Ouch! That really hurt!
You die...

##............ .##
##........... ....#
##.......... ........######
##......... ..........##.##
##........ ..............##
####.......
...............####..........
....................####.....
............@....#### #..>..
.........)O####### ######
.......∩...# ..#.(......#
#........# #........#
#........# #........###
#......##..#


You could see Erolcha.

Vanquished Creatures
  Pikel (D:8)
  Sigmund (D:4)
  A wyvern (D:8)
  An ice beast (D:8)
  2 sky beasts
  6 ogres
  A centaur (D:8)
  Blork the orc (D:4)
  A big kobold (D:8)
  A wyvern zombie (D:8)
  A scorpion (D:4)
  A crimson imp (D:7)
  A bullfrog zombie (D:8)
  5 orc priests
  Crazy Yiuf (D:3)
  2 bullfrog skeletons
  2 jellies (D:8)
  3 hounds
  An iguana (D:7)
  2 orc wizards (D:4)
  6 worker ants
  2 hound zombies
  2 hound skeletons
  4 gnolls (D:8)
  10 adders
  A shadow imp (D:6)
  2 oozes
  3 adder skeletons
  2 worms
  3 dart slugs
  5 leopard geckos
  22 orcs
  2 ball pythons
  3 giant cockroaches
  2 goblins (D:1)
  5 hobgoblins
  5 jackals
  9 kobolds
  A quokka (D:7)
  5 bats
  2 frilled lizards
  A jackal zombie (D:5)
  A leopard gecko zombie (D:5)
  A quokka zombie (D:8)
  3 rats
137 creatures vanquished.

Vanquished Creatures (others)
  A slave (D:8)
  An iguana (D:8)
  A hound zombie (D:8)
3 creatures vanquished.

Grand Total: 140 creatures vanquished

Notes
Turn   | Place    | Note
-------+----------+-------------------------------------------
     0 | D:1      | Gaball the Centaur Hunter began the quest for the Orb.
     0 | D:1      | Reached XP level 1. HP: 17/17 MP: 1/1
   503 | D:1      | Reached XP level 2. HP: 24/24 MP: 2/2
  1083 | D:2      | Reached skill level 5 in Crossbows
  1121 | D:2      | Found a snail-covered altar of Cheibriados.
  1211 | D:2      | Reached XP level 3. HP: 26/29 MP: 3/3
  1251 | D:2      | Found a shimmering altar of Xom.
  2015 | D:2      | Found a faded altar of an unknown god.
  2368 | D:3      | Reached XP level 4. HP: 35/36 MP: 4/4
  3205 | D:3      | Found an opulent altar of Gozag.
  3338 | D:3      | Found Gozag's Platinum Reserve.
  3405 | D:3      | Found a runed door.
  3782 | D:3      | Noticed Crazy Yiuf
  3797 | D:3      | Killed Crazy Yiuf
  3797 | D:3      | Reached skill level 6 in Crossbows
  3923 | D:4      | Noticed Blork the orc
  4148 | D:4      | Killed Blork the orc
  4148 | D:4      | Reached XP level 5. HP: 28/41 MP: 5/5
  4863 | D:4      | Found a shadowy altar of Dithmenos.
  4936 | D:4      | Noticed an ogre
  5138 | D:4      | Killed an ogre
  5138 | D:4      | Reached skill level 7 in Crossbows
  5138 | D:4      | Reached XP level 6. HP: 40/48 MP: 6/6
  5176 | D:4      | Noticed Sigmund
  5179 | D:4      | Killed Sigmund
  5179 | D:4      | Reached skill level 8 in Crossbows
  5179 | D:4      | Reached XP level 7. HP: 53/55 MP: 7/7
  5246 | D:4      | Found a staircase to the Ecumenical Temple.
  5256 | Temple   | Entered the Ecumenical Temple
  5455 | Temple   | Became a worshipper of Warmaster Okawaru
  5521 | D:4      | Found a glowing golden altar of the Shining One.
  5758 | D:5      | Entered Level 5 of the Dungeon
  5868 | D:5      | Reached skill level 9 in Crossbows
  6106 | D:5      | Reached XP level 8. HP: 62/63 MP: 8/8
  6651 | D:6      | Found a blossoming altar of Fedhas.
  6736 | D:6      | Got a twisted chain mail
  6747 | D:6      | Identified the +2 chain mail "Qaloakk" {rF+ Regen+ Int+2} (You found it on level 6 of the Dungeon)
  6780 | D:6      | Reached * piety under Okawaru
  7343 | D:7      | Reached skill level 10 in Crossbows
  7680 | D:7      | Found a basalt altar of Yredelemnul.
  8225 | D:4      | Got a warped dagger {protect}
  8226 | D:4      | Identified the +9 dagger of the Shallot {protect, MP+9 Str+2} (You took it off an orc on level 4 of the Dungeon)
  8578 | D:8      | Reached ** piety under Okawaru
  8578 | D:8      | Reached skill level 5 in Fighting
  8578 | D:8      | Reached skill level 11 in Crossbows
  8631 | D:8      | Reached XP level 9. HP: 66/74 MP: 9/9
  8673 | D:8      | Noticed Pikel
  8696 | D:8      | Killed Pikel
  8865 | D:8      | Reached *** piety under Okawaru
  8865 | D:8      | Reached skill level 12 in Crossbows
  9076 | D:8      | Found a shimmering altar of Xom.
  9226 | D:8      | Noticed a dagger
  9227 | D:8      | Found a hide-covered altar of Uskayaw.
  9227 | D:8      | Noticed a hand axe
  9485 | D:9      | Found Fiyses's Book Emporium.
  9510 | D:9      | Noticed Erolcha
  9536 | D:9      | Killed from afar by Erolcha

Skill      XL: |  1  2  3  4  5  6  7  8  9 |
---------------+----------------------------+-----
Crossbows      | 5 6 7 8 9 11 12 | 12.1
Dodging        | 2 3 |  3.7
Fighting       | 3 5 6 |  6.1
Stealth        | |  0.4

Action                   |  1- 3 |  4- 6 |  7- 9 || total
-------------------------+-------+-------+-------++-------
Melee: Dagger            |    70 |       |    92 ||   162
       Kick              |    29 |     8 |    71 ||   108
       Short sword       |    58 |    47 |   140 ||   245
       Glaive            |       |     6 |       ||     6
 Fire: Hand crossbow     |    16 |    75 |   146 ||   237
  Use: Scroll            |     1 |       |       ||     1
       Potion            |       |       |     1 ||     1
  Eat: Chunk             |     3 |     8 |    10 ||    21
Armor: Plate armour      |    98 |    68 |    13 ||   179
       Chain mail        |       |       |   142 ||   142
Dodge: Dodged            |     8 |    11 |    52 ||    71
